 Dungeon Crawl Stone Soup version 0.16.0-16-g311141a (webtiles) character file.

1613 valak23 the Ducker (level 8, -5/71 HPs)
             Began as a Purple Draconian Berserker on Mar 19, 2015.
             Was a High Priest of Trog.
             Slain by Duvessa
             ... wielding a +2 rapier of venom
              (14 damage)
             ... on level 4 of the Dungeon.
             The game lasted 00:15:19 (3568 turns).

valak23 the Ducker (Purple Draconian Berserker)     Turns: 3568, Time: 00:15:20

Health: -5/71      AC:  7    Str: 23    XL:     8   Next: 64%
Magic:  8/8        EV: 14    Int:  7    God:    Trog [*****.]
Gold:   168        SH:  3    Dex: 10    Spells: 0 memorised, 7 levels left

rFire  . . .     SeeInvis .     a - +0 hand axe
rCold  . . .     Clarity  .     (armour unavailable)
rNeg   . . .     SustAb   .     t - +0 buckler
rPois  .         Gourm    .     (helmet restricted)
rElec  .         Spirit   .     (no cloak)
rCorr  .         Warding  .     f - +0 pair of gloves
rMut   .         Stasis   .     (no boots)
MR     +....                    (no amulet)
Stlth  ++........               (no ring)
                                k - +5 ring of slaying

@: lethally poisoned (-5 -> -14), somewhat resistant to hostile enchantments,
unstealthy
A: breathe power, unfitting armour, cold-blooded, AC +6
a: Breathe Dispelling Energy, Burn Spellbooks, Berserk, Trog's Hand, Brothers in
Arms, Renounce Religion


You were on level 4 of the Dungeon.
You worshipped Trog.
Trog was extremely pleased with you.
You were hungry.

You visited 1 branch of the dungeon, and saw 4 of its levels.

You collected 168 gold pieces.

Inventory:

Hand weapons
 a - a +0 hand axe (weapon)
Missiles
 s - 7 tomahawks of returning (quivered)
Armour
 f - a +0 pair of gloves (worn)
 t - a +0 buckler (worn)
Jewellery
 k - a +5 ring of slaying (left hand)
 r - an uncursed amulet of resist mutation {unknown}
Magical devices
 v - a wand of digging (9)
 w - a wand of cold (11)
 x - a wand of random effects (21)
Scrolls
 e - a scroll of amnesia
 h - a scroll of recharging {unknown}
 j - 3 scrolls of enchant armour {unknown}
 l - 2 scrolls of identify
 m - 2 scrolls of remove curse
 p - a scroll of blinking {unknown}
Potions
 i - a potion of lignification {unknown}
 n - a potion of flight {unknown}
 o - a potion of cancellation {unknown}
 u - a potion of restore abilities {unknown}
Comestibles
 c - 3 bread rations
 d - 2 meat rations
 g - 3 beef jerkies


   Skills:
 + Level 6.7 Fighting
 + Level 5.9 Axes
 + Level 7.3 Dodging
 + Level 3.0 Stealth


You had 7 spell levels left.
You didn't know any spells.

Dungeon Overview and Level Annotations

Branches:
Dungeon (4/15)
 Temple: D:4-7

Altars:

Annotations:
D:4 Duvessa


Innate Abilities, Weirdness & Mutations

You can breathe bolts of energy.
You can dispel enchantments when you breathe energy.
Your rich purple scales are hard (AC +6).
Your body does not fit into most forms of armour.
Your cold-blooded metabolism reacts poorly to cold.


Message History

* * * LOW HITPOINT WARNING * * *
You are lethally poisoned!
Drink which item? (? for menu, Esc to quit)
You feel better.
Duvessa hits you with a rapier of venom.
* * * LOW HITPOINT WARNING * * *
You hit Duvessa but do no damage. You tail-slap Duvessa.
Duvessa is heavily wounded.
Duvessa hits you with a rapier of venom!
* * * LOW HITPOINT WARNING * * *
You are lethally poisoned!
You are no longer glowing.
* * * LOW HITPOINT WARNING * * *
You feel sick. Duvessa barely misses you.
Use which ability? (? or * to list)
You fail to use your ability.
* * * LOW HITPOINT WARNING * * *
You feel sick.
Duvessa hits you with a rapier of venom!
You die...

...........#...#.........#
#.#..
######'#...#........######
#.#.# #.#...#........#
#.... #.#...###......# #..
####.#...# #.(....## # #..
#...###### #......' ....
#...# #......###.... #...#
###########.#<'..>.
#...###.......@e.P........
#........####.......♣♣♣..
...##......# #....PP♣♣
...##......# ##....P.P
...<.......# #....##...P
#..........# #....# ..P..♣
#.....###.####...)###....♣
#.....# #....#......#....
#.....# #...........#...P


You could see Duvessa (berserk).

Vanquished Creatures
  Pikel (D:4)
  Prince Ribbit (D:4)
  4 slaves (D:4)
  An ogre (D:3)
  A phantom (D:4)
  A scorpion (D:3)
  A goliath beetle (D:3)
  3 gnoll shamans (D:3)
  Dowan (D:4)
  A crimson imp (D:4)
  An orc wizard (D:4)
  An adder (D:3)
  39 gnolls
  A giant mite (D:3)
  2 worms (D:2)
  An adder skeleton (D:4)
  2 giant geckos
  An ooze (D:3)
  9 orcs
  A ball python (D:3)
  8 bats
  2 bat skeletons
  7 giant cockroaches
  10 goblins
  12 hobgoblins
  A quokka (D:2)
  A giant newt (D:1)
  14 jackals (D:3)
  10 kobolds
  A quokka skeleton (D:4)
  10 rats
  A plant (D:4)
150 creatures vanquished.

Notes
Turn   | Place    | Note
--------------------------------------------------------------
     0 | D:1      | valak23, the Draconian Berserker, began the quest for the Orb.
     0 | D:1      | Reached XP level 1. HP: 19/19 MP: 1/1
   132 | D:1      | Reached XP level 2. HP: 17/26 MP: 2/2
   251 | D:1      | Acquired Trog's second power
   307 | D:1      | Reached skill level 4 in Fighting
   425 | D:1      | Reached XP level 3. HP: 20/33 MP: 3/3
  1540 | D:2      | Reached XP level 4. HP: 32/40 MP: 4/4
  1870 | D:3      | Reached XP level 5. HP: 34/47 MP: 5/5
  2087 | D:3      | Reached XP level 6. HP: 31/55 MP: 6/6
  2107 | D:3      | Acquired Trog's third power
  2164 | D:3      | Reached skill level 1 in Stealth
  2167 | D:3      | Reached skill level 5 in Fighting
  2360 | D:3      | Reached skill level 5 in Dodging
  2378 | D:3      | Received a gift from Trog
  2428 | D:3      | Noticed an ogre
  2447 | D:3      | Killed an ogre
  2447 | D:3      | Your scales start taking on a rich purple colour.
  2447 | D:3      | Reached XP level 7. HP: 32/61 MP: 7/7
  3304 | D:4      | Reached skill level 6 in Dodging
  3307 | D:4      | Reached skill level 5 in Axes
  3327 | D:4      | Noticed Pikel
  3352 | D:4      | Killed Pikel
  3352 | D:4      | Reached XP level 8. HP: 44/71 MP: 8/8
  3496 | D:4      | Noticed Prince Ribbit
  3519 | D:4      | Killed Prince Ribbit
  3519 | D:4      | Reached skill level 7 in Dodging
  3534 | D:4      | Noticed Dowan
  3535 | D:4      | Noticed Duvessa
  3551 | D:4      | Killed Dowan
  3568 | D:4      | Slain by Duvessa

Action                   |  1- 3 |  4- 6 |  7- 9 || total
-------------------------+-------+-------+-------++-------
Melee: Hand axe          |   104 |   117 |   116 ||   337
Invok: Trog's Hand       |       |     1 |     2 ||     3
  Use: Scroll            |     2 |       |     1 ||     3
       Potion            |       |     1 |     8 ||     9
 Stab: Sleeping          |       |     1 |     2 ||     3
  Eat: Bread ration      |       |     2 |       ||     2
